AoeStats
← Dragon

Arena

507862286Analyzed
4v4 RM · 12d ago on Sep 20, 2026· 51m 24s· 8 players
Game mode
Random Map
Map size
Large (8 player)
Population
200
Speed
Normal
Resources
Standard
Victory
Conquest
Starting age
Dark Age
Ending age
Imperial Age
RankedLock teamsTeams togetherTeam positionsShared explorationLock speedFull tech treeHidden civsTurbo modeCheats
Victory
Defeat
🇲🇽 Teutons · Mexico
1338
+15
🇦🇷 Khmer · Argentina
1284
+18
🇨🇱 Bengalis · Chile
1223
+20
🇨🇱 Spanish · Chile
1211
+20
🇩🇪 Persians · Germany
1331
-19
🇩🇪 Portuguese · Germany
1315
-18
🇩🇪 Cumans · Germany
1314
-18
🇩🇪 Italians · Germany
1307
-18
Seifer
5:53 Loom
8:29 Feudal Age
8:58 Double-Bit Axe
9:28 Town Watch
12:55 Padded Archer Armor
12:48 Fletching
14:19 Horse Collar
17:06 Stone Mining
23:02 Castle Age
23:45 Wheelbarrow
23:45 Bodkin Arrow
23:54 Heavy Plow
24:26 Bow Saw
26:10 Gold Mining
29:16 Forging
29:08 Scale Mail Armor
28:59 Pikeman
29:40 Squires
33:50 Iron Casting
33:30 Chain Mail Armor
34:08 Hand Cart
38:25 Imperial Age
36:36 Hand Cart
38:31 Halberdier
40:13 Blast Furnace
40:14 Two-Man Saw
39:46 Crop Rotation
40:22 Chemistry
39:57 Plate Mail Armor
41:00 Siege Engineers
42:09 Arson
42:54 Town Patrol
47:13 Fortified Wall
47:24 Ballistics
48:30 Masonry
ReBeL_persi
11:03 Feudal Age
15:01 Castle Age
13:05 Double-Bit Axe
13:16 Horse Collar
16:20 Bow Saw
18:50 Scale Barding Armor
20:01 Forging
20:59 Husbandry
21:37 Bloodlines
24:47 Gold Mining
27:42 Scale Mail Armor
28:03 Chain Barding Armor
29:13 Iron Casting
28:45 Loom
31:13 Wheelbarrow
34:19 Gold Shaft Mining
34:16 Stone Mining
35:16 Hand Cart
37:32 Imperial Age
35:42 Heavy Plow
36:42 Stone Shaft Mining
37:35 Tusk Swords
39:46 Plate Barding Armor
40:12 Blast Furnace
38:35 Elite Battle Elephant
Ω SangreSpirit Ω
10:37 Feudal Age
10:45 Loom
14:17 Castle Age
12:27 Double-Bit Axe
12:32 Horse Collar
15:56 Wheelbarrow
22:02 Bow Saw
22:10 Gold Mining
23:51 Town Watch
24:05 Fletching
24:34 Hand Cart
28:46 Imperial Age
26:41 Padded Archer Armor
26:37 Bodkin Arrow
28:27 Ballistics
28:24 Leather Archer Armor
29:00 Scale Mail Armor
29:10 Forging
28:23 Pikeman
29:04 Squires
30:31 Chemistry
29:34 Bracer
30:06 Ring Archer Armor
29:02 Halberdier
29:07 Elite Skirmisher
31:22 Chain Mail Armor
31:31 Conscription
35:59 Two-Man Saw
36:57 Plate Mail Armor
37:02 Iron Casting
37:28 Hoardings
37:14 Supremacy
38:46 Masonry
38:32 Murder Holes
38:59 Bombard Tower
41:13 Thumb Ring
45:07 Coinage
46:25 Stone Mining
47:06 Banking
50:43 Cavalier
51:24 Husbandry
51:34 Bloodlines
51:31 Scale Barding Armor
52:27 Blast Furnace
Malardo
10:47 Feudal Age
11:57 Loom
15:28 Castle Age
14:46 Double-Bit Axe
14:55 Gold Mining
19:15 Fervor
19:55 Bow Saw
20:26 Sanctity
20:14 Atonement
22:05 Devotion
25:18 Wheelbarrow
24:32 Town Watch
25:34 Redemption
26:30 Hand Cart
27:09 Bloodlines
27:01 Husbandry
27:54 Scale Barding Armor
28:39 Gold Shaft Mining
28:10 Horse Collar
29:27 Town Patrol
32:17 Chain Barding Armor
37:00 Imperial Age
35:31 Forging
37:31 Iron Casting
38:00 Block Printing
38:58 Theocracy
38:50 Illumination
37:49 Elite Battle Elephant
38:52 Heavy Scorpion
40:51 Plate Barding Armor
41:17 Blast Furnace
43:12 Faith
43:53 Fletching
46:28 Paiks
46:44 Conscription
46:47 Mahayana
48:51 Siege Engineers
49:47 Chemistry
49:08 Ballistics
Who am I
9:03 Feudal Age
10:37 Wheelbarrow
10:45 Horse Collar
10:52 Double-Bit Axe
11:17 Loom
20:23 Castle Age
20:00 Scale Barding Armor
20:05 Forging
20:39 Bloodlines
21:15 Gold Mining
24:42 Bow Saw
24:34 Heavy Plow
26:21 Gold Shaft Mining
26:11 Capped Ram
29:21 Chain Barding Armor
29:36 Iron Casting
30:58 Hand Cart
32:12 Iron Casting
33:18 Stone Mining
33:47 Light Cavalry
35:08 Fletching
38:48 Bodkin Arrow
41:52 Imperial Age
41:06 Pikeman
42:40 Scale Mail Armor
44:57 Squires
Dragon
4:46 Loom
10:27 Feudal Age
16:07 Castle Age
14:11 Horse Collar
14:46 Double-Bit Axe
18:59 Bow Saw
25:51 Wheelbarrow
28:55 Imperial Age
26:33 Stone Mining
26:56 Heavy Plow
28:01 Scale Barding Armor
28:08 Forging
28:46 Bloodlines
29:21 Husbandry
29:49 Conscription
30:37 Hand Cart
31:05 Chain Barding Armor
31:20 Iron Casting
31:26 Light Cavalry
32:16 Fletching
32:31 Devotion
32:36 Hussar
32:52 Elite War Elephant
34:48 Faith
36:50 Plate Barding Armor
36:50 Iron Casting
lord-cherry
10:03 Feudal Age
10:55 Double-Bit Axe
13:13 Fletching
15:03 Horse Collar
18:55 Loom
21:43 Castle Age
20:06 Stone Mining
22:24 Bodkin Arrow
21:52 Crossbowman
22:41 Thumb Ring
23:15 Stone Shaft Mining
23:12 Bow Saw
25:28 Heavy Plow
26:39 Padded Archer Armor
27:23 Gold Mining
28:52 Ballistics
34:16 Imperial Age
31:17 Elite Skirmisher
36:15 Two-Man Saw
35:42 Bracer
35:57 Leather Archer Armor
37:30 Ring Archer Armor
40:05 Conscription
45:19 Chemistry
44:45 Treadmill Crane
siggi-lok
5:33 Loom
10:49 Feudal Age
13:30 Fletching
16:47 Castle Age
27:49 Double-Bit Axe
27:46 Horse Collar
33:44 Imperial Age
34:11 Bow Saw
35:24 Chemistry
34:37 Fortified Wall
37:12 Arquebus
38:51 Fortified Wall
42:20 Wheelbarrow
41:31 Town Watch
42:02 Scale Mail Armor
42:57 Chain Mail Armor
44:13 Forging
45:03 Plate Mail Armor
45:56 Siege Engineers
46:13 Ballistics
46:07 Masonry
45:56 Bodkin Arrow
48:40 Iron Casting
48:06 Bracer
48:43 Conscription
48:01 Man-at-Arms
48:02 Pikeman
48:08 Man-at-Arms
Connection lost

Rejoining the realm…

Still unreachable

The connection could not be restored.

Session expired

The server has moved on; the page needs a fresh start.